 Dungeon Crawl Stone Soup version 0.31.0-11-ge490571c62 (webtiles) character file.

Game seed: 11023550753136319997

51 qw the Shooter (level 3, -8/18 HPs)
             Began as a Spriggan Hunter on Feb 5, 2024.
             Mangled by an ogre
             ... wielding a +0 giant club
              (16 damage)
             ... on level 3 of the Dungeon.
             The game lasted 00:00:36 (1430 turns).

qw the Shooter (Spriggan Hunter)                    Turns: 1430, Time: 00:00:36

Health: -8/18      AC:  3    Str:  6    XL:     3   Next: 57%
Magic:  0/4        EV: 20    Int:  9    God:
Gold:   135        SH:  0    Dex: 24    Spells: 2/2 levels left

rFire   . . .        a - +1 shortbow
rCold   . . .        (shield currently unavailable)
rNeg    . . .        c - +0 robe
rPois   .            (helmet restricted)
rElec   .            e - +0 cloak
rCorr   .            (gloves unavailable)
SInv    +            (boots unavailable)
Will    .....        d - amulet of guardian spirit
Stlth   ++           (no ring)
HPRegen 0.23/turn    (no ring)
MPRegen 0.09/turn

%: guardian spirit
@: very quick
A: very small, no large weapons, unfitting armour, see invisible, speed 3,
antennae 1, agile 1
a: no special abilities


You were on level 3 of the Dungeon.
You visited 1 branch of the dungeon, and saw 3 of its levels.

You collected 135 gold pieces.


Innate Abilities, Weirdness & Mutations

You are very small and have problems with some larger weapons.
You are too small for most types of armour.
You have supernaturally acute eyesight. (SInv)
You cover ground extremely quickly. (Speed+++)
You have a pair of small antennae on your head.
You are agile. (Dex +4, Str/Int -1)


   Skills:
 - Level 1.5 Fighting
 - Level 4.5 Ranged Weapons
 + Level 4.4 Dodging
 - Level 1.5 Stealth


You had 2 spell levels left.
You didn't know any spells.
Your spell library was empty.

Inventory:

Hand Weapons
 a - a +1 shortbow (weapon)
Armour
 c - a +0 robe (worn)
 e - a +0 cloak (worn)
Jewellery
 d - an amulet of guardian spirit (around neck)
Potions
 b - a potion of haste {unknown}
 f - a potion of curing
 h - a potion of heal wounds
 i - a potion of mutation

Dungeon Overview and Level Annotations

Branches:
Dungeon (3/15)

Altars:


Message History

A hobgoblin and a bat come into view.
You shoot an arrow. The arrow closely misses the hobgoblin.
The arrow hits the bat!
You kill the bat!
You shoot an arrow. The arrow hits the hobgoblin!
You kill the hobgoblin!
A bat is nearby!
You shoot an arrow. The arrow hits the bat!
You kill the bat!
An ogre comes into view. It is wielding a +0 giant club.
You shoot an arrow. The arrow hits the ogre.
The ogre shouts!
The ogre is lightly wounded.
You shoot an arrow. The arrow barely misses the ogre.
You shoot an arrow. The arrow hits the ogre.
The ogre is moderately wounded.
The ogre misses you.
You shoot an arrow. The arrow barely misses the ogre.
You shoot an arrow. The arrow hits the ogre.
The ogre is moderately wounded.
The ogre barely misses you.
You shoot an arrow. The arrow barely misses the ogre.
The ogre hits you with a +0 giant club!!
Ouch! That really hurt!
1426 ||| DRINKING 2 potions of heal wounds.
You feel much better. The ogre misses you.
You shoot an arrow. The arrow closely misses the ogre.
You shoot an arrow. The arrow hits the ogre.
The ogre is heavily wounded.
The ogre barely misses you.
You shoot an arrow. The arrow hits the ogre!
The ogre is almost dead.
The ogre hits you with a +0 giant club!
Ouch! That really hurt!
You shoot an arrow. The arrow hits the ogre.
The ogre is almost dead.
The ogre hits you with a +0 giant club!
Ouch! That really hurt!
You die...

#.. .. .#
##.## ....#
#######
###...#
.....###.....#
# ..........@#
#
....####.#O.#
# ...####.#.##
# #.##...#.. #
#..#.###... #
##....###.#.#
#
##..#...%..###
#
##..######...#
# #..## ###


You could see an ogre.

Vanquished Creatures
  An adder (D:3)
  4 dart slugs
  4 ball pythons
  10 bats
  2 endoplasms (D:1)
  5 goblins
  4 hobgoblins
  A kobold (D:1)
  A rat (D:2)
32 creatures vanquished.

Notes
Turn   | Place    | Note
-------+----------+-------------------------------------------
     0 | D:1      | qw the Spriggan Hunter began the quest for the Orb.
     0 | D:1      | Reached XP level 1. HP: 10/10 MP: 2/2
     0 | D:1      | 0 ||| qw: Version: 0.3-a-160-g6735b56
     0 | D:1      | 0 ||| qw: Game counter: 6426
     0 | D:1      | 0 ||| qw: Melee chars always use a shield: true
     0 | D:1      | 0 ||| qw: God list: Okawaru
     0 | D:1      | 0 ||| qw: Allow faded altars: false
     0 | D:1      | 0 ||| qw: Do Orc after clearing Dungeon:15 true
     0 | D:1      | 0 ||| qw: Do second Lair branch before Depths: true
     0 | D:1      | 0 ||| qw: Lair rune preference: random
     0 | D:1      | 0 ||| qw: Goals: Normal
     0 | D:1      | 0 ||| PLANNING D:1-11
    51 | D:1      | Reached skill level 3 in Dodging
   228 | D:1      | Reached XP level 2. HP: 14/14 MP: 3/3
   325 | D:1      | You fall into a shaft and drop 1 floor!
   336 | D:2      | 336 ||| FLEEEEING.
   337 | D:2      | 337 ||| FLEEEEING.
   338 | D:2      | 338 ||| STAIRDANCE
   807 | D:1      | 807 ||| READING 2 scrolls labelled WEWNOHAAFRULYSH.
   807 | D:1      | 807 ||| IDENTIFYING viscous coppery potion
   808 | D:1      | 808 ||| READING scroll of identify.
   808 | D:1      | 808 ||| IDENTIFYING scroll labelled OMOCAC WEACLI
   809 | D:1      | 809 ||| READING scroll labelled ITSATSY PUXOEMPUSS.
   810 | D:1      | 810 ||| READING scroll labelled TEKHLE NOGOBIECS.
   811 | D:1      | 811 ||| READING scroll labelled UFEVVE GEUBAIRGH.
   812 | D:1      | 812 ||| DROPPING scroll of butterflies.
   813 | D:1      | 813 ||| DROPPING scroll of poison.
   972 | D:2      | Reached XP level 3. HP: 18/18 MP: 4/4
  1059 | D:2      | 1059 ||| FLEEEEING.
  1060 | D:2      | 1060 ||| FLEEEEING.
  1061 | D:2      | 1061 ||| FLEEEEING.
  1284 | D:2      | 1284 ||| UPGRADING to +0 cloak.
  1289 | D:2      | 1289 ||| UPGRADING to amulet of guardian spirit.
  1294 | D:2      | 1294 ||| READING scroll of identify.
  1294 | D:2      | 1294 ||| IDENTIFYING 2 emerald potions
  1295 | D:2      | 1295 ||| READING scroll labelled JINUN LIYGIE.
  1295 | D:2      | 1295 ||| ENCHANTING +0 shortbow.
  1296 | D:2      | 1296 ||| DRINKING 2 white potions.
  1296 | D:2      | Gained mutation: You are agile. (Dex +4, Str/Int -1)
                  | [potion of mutation]
  1296 | D:2      | Gained mutation: You have a pair of small antennae on your
                  | head. [potion of mutation]
  1313 | D:3      | 1313 ||| STAIRDANCE
  1317 | D:3      | 1317 ||| STAIRDANCE
  1419 | D:3      | Noticed an ogre
  1425 | D:3      | HP: 2/18 [ogre/+0 giant club (16)]
  1426 | D:3      | 1426 ||| DRINKING 2 potions of heal wounds.
  1430 | D:3      | Mangled by an ogre

Levels and vault maps discovered:
D:1:      nzn_arrival_settlement, layout_basic, st_stairs_13, minivault_5
D:2:      layout_rooms, serial_park_tiny_2, solitary_fountain
D:3:      layout_rooms, grunt_temple_overflow_cloverleaf, eino_tiny_chamber

Skill      XL: |  1  2 |
---------------+-------+-----
Dodging        | 3 4 |  4.4
Fighting       | |  1.5
Ranged Weapons | |  4.5
Stealth        | |  1.5

Action                     || total
---------------------------++-------
   Fire: Shortbow          ||    86
    Use: Scroll            ||     7
         Potion            ||     2
 Armour: Robe              ||    15
  Dodge: Dodged            ||    30

Table legend:
 A = Non-vault XP
 B = Vault XP
 C = Vault XP percentage of total XP
 D = Non-vault monster count
 E = Vault monster count
 F = Vault count percentage of total count
                 A         B        C        D         E       F
            +---------+---------+-------+---------+---------+-------
      Total |      69 |       4 |   5.5 |      30 |       2 |   6.2
            +---------+---------+-------+---------+---------+-------
        D:1 |      26 |       4 |  13.3 |      13 |       2 |  13.3
        D:2 |      25 |       0 |   0.0 |      13 |       0 |   0.0
        D:3 |      18 |       0 |   0.0 |       4 |       0 |   0.0
            +---------+---------+-------+---------+---------+-------
